AoeStats
← Malcolm Little

Arena

510210014Analyzed
4v4 RM · 20h ago on Sep 30, 2026· 42m 40s· 8 players
Game mode
Random Map
Map size
Large (8 player)
Population
200
Speed
Normal
Resources
Standard
Victory
Conquest
Starting age
Dark Age
Ending age
Imperial Age
RankedLock teamsTeams togetherTeam positionsShared explorationLock speedFull tech treeHidden civsTurbo modeCheats
Victory
Defeat
🇩🇴 Bengalis · Dominican Republic
1459
+14
🇨🇱 Cumans · Chile
1401
+16
🇮🇳 Magyars · India
1364
+17
🇨🇦 Britons · Canada
1359
+18
🇧🇷 Persians · Brazil
1454
-18
🇧🇷 Berbers · Brazil
1411
-17
🇧🇷 Armenians · Brazil
1409
-17
🇧🇷 Turks · Brazil
1325
-13
NUR
5:06 Loom
10:41 Feudal Age
14:26 Castle Age
12:39 Double-Bit Axe
13:37 Horse Collar
15:55 Wheelbarrow
16:24 Bow Saw
19:00 Heavy Plow
22:07 Bloodlines
22:12 Light Cavalry
22:52 Husbandry
23:16 Scale Barding Armor
23:30 Gold Mining
24:38 Chain Barding Armor
24:44 Husbandry
25:56 Fletching
26:06 Padded Archer Armor
28:11 Hand Cart
32:30 Imperial Age
29:46 Town Watch
30:32 Bodkin Arrow
30:52 Leather Archer Armor
31:00 Ballistics
30:21 Treadmill Crane
31:32 Gold Shaft Mining
31:54 Thumb Ring
31:53 Stone Mining
32:33 Heavy Cavalry Archer
33:37 Conscription
33:39 Bracer
33:56 Leather Archer Armor
36:01 Hoardings
35:01 Hussar
36:17 Parthian Tactics
37:01 Two-Man Saw
36:35 Ring Archer Armor
37:50 Chemistry
38:01 Plate Barding Armor
38:02 Recurve Bow
39:40 Masonry
40:47 Coinage
40:23 Caravan
42:17 Banking
garretc16
7:47 Loom
10:48 Feudal Age
16:19 Castle Age
17:01 Double-Bit Axe
16:57 Horse Collar
17:09 Gold Mining
18:00 Bow Saw
18:06 Fletching
25:53 Bodkin Arrow
27:08 Wheelbarrow
29:58 Stone Mining
31:01 Hand Cart
30:48 Gold Mining
34:30 Ballistics
41:40 Imperial Age
39:33 Padded Archer Armor
Malcolm Little
8:00 Loom
10:41 Feudal Age
14:25 Castle Age
12:13 Loom
12:46 Double-Bit Axe
12:53 Gold Mining
17:27 Sanctity
19:01 Redemption
22:06 Atonement
25:15 Wheelbarrow
24:53 Town Watch
29:12 Fervor
34:41 Imperial Age
32:23 Bow Saw
31:54 Horse Collar
33:11 Hand Cart
33:22 Scale Mail Armor
33:32 Forging
34:33 Town Patrol
35:21 Fletching
34:56 Pikeman
35:47 Halberdier
37:57 Iron Casting
37:18 Bodkin Arrow
40:19 Blast Furnace
39:35 Chain Mail Armor
40:12 Squires
39:57 Gambesons
39:58 Arson
39:47 Elite Skirmisher
40:41 Padded Archer Armor
40:41 Bracer
43:03 Leather Archer Armor
CumanoBorracho92
8:04 Feudal Age
9:38 Double-Bit Axe
11:35 Horse Collar
17:32 Wheelbarrow
20:35 Castle Age
19:08 Town Watch
21:03 Scale Barding Armor
21:09 Forging
21:10 Gold Mining
22:10 Bloodlines
23:32 Chain Barding Armor
25:49 Loom
26:40 Hand Cart
26:57 Town Patrol
28:04 Iron Casting
28:53 Capped Ram
32:52 Imperial Age
33:13 Cavalier
34:31 Plate Barding Armor
34:57 Blast Furnace
35:43 Paladin
41:58 Siege Ram
Fs.Emmanuel
10:42 Feudal Age
14:32 Castle Age
12:26 Man-at-Arms
13:31 Double-Bit Axe
17:32 Long Swordsman
20:35 Scale Mail Armor
20:46 Gambesons
22:28 Squires
23:11 Horse Collar
26:32 Bow Saw
26:03 Two-Handed Swordsman
27:32 Forging
30:27 Heavy Plow
30:14 Loom
30:26 Gold Mining
31:19 Wheelbarrow
34:54 Gold Shaft Mining
36:11 Pikeman
38:56 Stone Mining
GAX | Braant1
10:56 Feudal Age
14:50 Castle Age
12:58 Double-Bit Axe
13:21 Horse Collar
16:56 Bow Saw
19:48 Padded Archer Armor
19:41 Loom
20:52 Leather Archer Armor
33:07 Imperial Age
33:00 Wheelbarrow
32:11 Town Watch
33:07 Fletching
33:53 Bodkin Arrow
34:35 Sipahi
34:55 Thumb Ring
34:51 Bracer
37:42 Ring Archer Armor
39:00 Ballistics
GAX | LorD
10:09 Feudal Age
14:02 Castle Age
12:21 Double-Bit Axe
14:03 Loom
14:02 Horse Collar
25:04 Heavy Plow
25:16 Bow Saw
28:11 Stone Mining
28:36 Gold Mining
28:49 Town Watch
30:18 Wheelbarrow
29:48 Fletching
33:14 Hand Cart
35:32 Imperial Age
33:46 Ballistics
33:23 Bodkin Arrow
33:29 Padded Archer Armor
34:51 Kasbah
35:43 Leather Archer Armor
37:18 Chemistry
36:21 Bracer
37:17 Treadmill Crane
37:47 Masonry
37:34 Murder Holes
39:09 Ring Archer Armor
38:52 Elite Genitour
39:40 Thumb Ring
40:12 Conscription
39:20 Elite Camel Archer
39:28 Elite Camel Archer
GAX | SUPERBOY
4:55 Loom
10:44 Feudal Age
14:49 Castle Age
13:23 Double-Bit Axe
13:20 Horse Collar
16:12 Bow Saw
22:31 Forging
23:28 Bloodlines
22:41 Light Cavalry
24:12 Iron Casting
24:52 Scale Barding Armor
26:17 Wheelbarrow
27:14 Hand Cart
28:22 Bloodlines
28:13 Husbandry
28:50 Heavy Plow
32:18 Imperial Age
29:37 Town Watch
30:45 Chain Barding Armor
32:02 Cavalier
33:21 Plate Barding Armor
35:46 Savar
38:36 Gold Mining
41:21 Blast Furnace
Connection lost

Rejoining the realm…

Still unreachable

The connection could not be restored.

Session expired

The server has moved on; the page needs a fresh start.